 Dungeon Crawl Stone Soup version 0.30-a0-1157-g2cc9ac7196 (webtiles) character file.

Game seed: 1235597738678632510

245 cforsyth the Caller (level 5, -1/57 HPs)
             Began as a Demigod Summoner on Apr 24, 2023.
             Slain by a worm (7 damage)
             ... on level 2 of the Dungeon on Apr 25, 2023.
             The game lasted 00:07:56 (3508 turns).

cforsyth the Caller (Demigod Summoner)              Turns: 3508, Time: 00:07:57

Health: -1/57      AC:  5    Str:  9    XL:     5   Next: 53%
Magic:  1/12       EV: 13    Int: 21    God:
Gold:   169        SH:  0    Dex: 14    Spells: 3/9 levels left

rFire   . . .        (no weapon)
rCold   . . .        (no shield)
rNeg    . . .        a - +0 robe
rPois   .            n - +0 helmet
rElec   .            s - +0 cloak
rCorr   .            t - +0 pair of gloves
SInv    .            (no boots)
Will    .....        (no amulet) Stlth
                     r - ring of wizardry
HPRegen 0.29/turn    (no ring)
MPRegen 0.13/turn

%: wizardry (x1)
@: mighty, berserking, lethally poisoned (-1 -> -12), very quick
A: high MP 1, forlorn, divine attributes
a: no special abilities


You were on level 2 of the Dungeon.
You visited 1 branch of the dungeon, and saw 3 of its levels.

You collected 169 gold pieces.

Inventory:

Armour
 a - a +0 robe (worn)
 k - a scarf of resistance
 n - a +0 helmet (worn)
 s - a +0 cloak (worn)
 t - a +0 pair of gloves (worn)
Jewellery
 r - a ring of wizardry (left hand)
Scrolls
 d - 2 scrolls of fog {unknown}
 e - a scroll of magic mapping {unknown}
 f - 2 scrolls of vulnerability {unknown}
 g - 2 scrolls of enchant weapon {unknown}
 l - a scroll of enchant armour {unknown}
 o - a scroll of torment {unknown}
 p - a scroll of teleportation {unknown}
 q - a scroll of poison {unknown}
 v - a scroll of noise {unknown}
Potions
 b - a potion of magic
 c - 2 potions of might
 h - a potion of invisibility {unknown}
 i - 2 potions of lignification {unknown}
 j - 2 potions of brilliance {unknown}
 m - a potion of berserk rage
 u - a potion of curing {unknown}
 w - a potion of mutation {unknown}
 x - a potion of attraction {unknown}


   Skills:
 + Level 3.1 Dodging
 + Level 3.4 Stealth
 + Level 2.9 Spellcasting
 + Level 4.5 Summonings


You had 3 spell levels left.
You knew the following spells:

 Your Spells              Type           Power      Damage    Failure   Level
a - Summon Small Mammal   Summ           88%        N/A       1%          1
b - Call Imp              Summ           44%        N/A       1%          2
c - Call Canine Familiar  Summ           22%        N/A       2%          3

Your spell library contained the following spells:

 Spells                   Type           Power      Damage    Failure   Level
 Summon Guardian Golem    Hex/Summ       12%        N/A       6%          3
 Summon Lightning Spire   Summ/Air       12%        N/A       21%         4
 Orb of Destruction       Conj           1%         9d5       100%        7
 Spellforged Servitor     Conj/Summ      6%         N/A       100%        7


Dungeon Overview and Level Annotations

Branches:
Dungeon (3/15)


Innate Abilities, Weirdness & Mutations

You have an increased reservoir of magic. (+10% MP)
You shall have no god before yourself.
Your divine heritage dramatically boosts your attributes as you level up.


Message History

You feel very sick.
Your hound barely misses the orc wizard.
Something hits you.
You are more poisoned.
The orc wizard mumbles some strange words.
The orc wizard flickers and vanishes!
You climb upwards.
Your summoned ally is left behind.
Reactivating autopickup.
You feel very sick.
There is a stone staircase leading down here.
Things that are here:
a +0 leather armour; a +0 falchion; an orc skeleton
Casting: Call Canine Familiar (dangerous; 2% risk of failure)
Confirm with . or Enter, or press ? or * to list all spells.
You feel very sick. Something barely misses you. The worm closely misses you.
You hit the worm.
The worm is lightly wounded.
You feel sick. Something hits you.
* * * LOW HITPOINT WARNING * * *
Deactivating autopickup; reactivate with Ctrl-A.
Your hound barely misses something.
It was a potion of might.
You feel very mighty all of a sudden.
* * * LOW HITPOINT WARNING * * *
You feel sick.
Your hound bites something.
The worm closely misses you. Something misses your hound.
Your hound barely misses something.
It was a potion of berserk rage.
A red film seems to cover your vision as you go berserk!
You feel yourself moving faster!
You feel mighty!
You feel sick. Something closely misses your hound.
Your hound bites something but does no damage.
The worm barely misses you.
You miss something.
You feel sick.
Your hound bites something but does no damage.
Something hits you but does no damage.
You are lethally poisoned!
You barely miss the worm.
* * * LOW HITPOINT WARNING * * *
You feel sick.
Your hound misses something. The worm bites you!
You die...

)........##.# ##..#
###########.# #..#
#<# #..# #######
#.# #..# ......#
#.#####..# #.###.#
#........# #.# #.#
#######.## #.#
#.###########h# ..#
#..........w@[#
..###.#############
......# ....#.#####
..#.#.....#
..#.#####.#
..........#
###.####..# # #.#
#..#


You could see a worm and a friendly hound (summoned).

Vanquished Creatures
  An endoplasm (D:2)
  A giant cockroach (D:1)
  A ball python (D:1)
3 creatures vanquished.

Vanquished Creatures (collateral kills)
  Sigmund (D:2)
  Robin (D:2)
  2 adders (D:3)
  A worm (D:3)
  A dart slug (D:2)
  3 orcs
  7 ball pythons
  A bat (D:3)
  2 endoplasms (D:2)
  2 giant cockroaches (D:2)
  13 goblins
  7 hobgoblins
  3 kobolds (D:3)
  2 quokkas
  A frilled lizard (D:3)
  4 rats
51 creatures vanquished.

Grand Total: 54 creatures vanquished

Notes
Turn   | Place    | Note
-------+----------+-------------------------------------------
     0 | D:1      | cforsyth the Demigod Summoner began the quest for the Orb.
     0 | D:1      | Reached XP level 1. HP: 14/14 MP: 5/5
   732 | D:2      | Reached XP level 2. HP: 20/20 MP: 2/7
   735 | D:2      | Learned a level 2 spell: Call Imp
   885 | D:2      | Noticed Sigmund
  1423 | D:2      | Noticed Robin
  1457 | D:2      | Reached XP level 3. HP: 6/26 MP: 2/8
  1483 | D:2      | Killed Robin
  1566 | D:2      | Reached skill level 4 in Summonings
  1754 | D:2      | Learned a level 3 spell: Call Canine Familiar
  1818 | D:2      | Killed Sigmund
  1819 | D:2      | Reached XP level 4. HP: 33/33 MP: 4/11
  1819 | D:2      | Reached XP level 5. HP: 38/38 MP: 4/12
  3508 | D:2      | Slain by a worm

Illustrated notes

Levels and vault maps discovered:
D:1:      saegor_arrival_simple_a, layout_basic,
          chequers_ecumenical_altar_simple
D:2:      layout_loops_ring, uniq_robin, uniq_sigmund
D:3:      layout_rooms, dreamdust_divine_triumvirate,
          nicolae_wu_jian_wuxing_cycle

Skill      XL: |  1  2  3 |
---------------+----------+-----
Dodging        | 2 3 |  3.1
Stealth        | 2 3 |  3.4
Spellcasting   | 2 |  2.9
Summonings     | 4 |  4.5

Action                     |  1- 3 |  4- 6 || total
---------------------------+-------+-------++-------
  Melee: Unarmed           |    38 |    18 ||    56
         Punch             |     1 |       ||     1
   Cast: Summon Small Mamm |    40 |    24 ||    64
         Call Imp          |    15 |    10 ||    25
         Call Canine Famil |     2 |    14 ||    16
    Use: Potion            |       |     2 ||     2
   Stab: Sleeping          |       |     1 ||     1
 Armour: Robe              |    15 |     5 ||    20
  Dodge: Dodged            |    43 |    18 ||    61

Table legend: (Time is in decaauts)
 A = Elapsed time spent in this place.
 B = Non-inter-level travel time spent in this place.
 C = Inter-level travel time spent in this place.
 D = Time resting spent in this place.
 E = Time spent auto-exploring this place.
 F = Levels seen in this place.
 G = Mean time per level.
                   A        B        C        D        E       F      G
               +--------+--------+--------+--------+--------+-----+--------+
         Total |   3510 |   3495 |     15 |    619 |   2091 |   3 | 1170.0 |
       Dungeon |   3510 |   3495 |     15 |    619 |   2091 |   3 | 1170.0 |
               +--------+--------+--------+--------+--------+-----+--------+

Top non-repeatable levels by time:
     D:2: 2042 daAuts
     D:1: 737 daAuts
     D:3: 730 daAuts
